 Dungeon Crawl Stone Soup version 0.29-a0-1042-g87b1fcd763 (webtiles) character file.

Game seed: 15641838512056295716

505 polve the Chopper (level 6, -10/47 HPs)
             Began as a Demonspawn Abyssal Knight on Aug 15, 2022.
             Was a Believer of Lugonu.
             Mangled by an ogre
             ... wielding a +0 giant club
              (26 damage)
             ... on level 4 of the Dungeon.
             The game lasted 00:03:20 (4580 turns).

polve the Chopper (Demonspawn Abyssal Knight)       Turns: 4580, Time: 00:03:20

Health: -10/47     AC:  6    Str: 15    XL:     6   Next: 96%
Magic:  7/7        EV:  9    Int: 12    God:    Lugonu [**....]
Gold:   136        SH:  9    Dex: 13    Spells: 5/5 levels left

rFire   . . .      SeeInvis .   a - +1 hand axe
rCold   . . .      Faith    .   j - +0 kite shield
rNeg    . . .      Spirit   .   b - +0 leather armour
rPois   .          Reflect  .   (no helmet)
rElec   .          Harm     .   (no cloak)
rCorr   .          Rampage  .   (no gloves)
Will    .....                   (no boots)
Stlth   +.........              (no amulet)
HPRegen 0.15/turn               (no ring)
MPRegen 0.10/turn               (no ring)

@: no status effects
A: slimy green scales 2, foul stench 1, spiny 1
a: Renounce Religion, Depart the Abyss, Bend Space


You were on level 4 of the Dungeon.
You worshipped Lugonu.
Lugonu was pleased with you.
You visited 1 branch of the dungeon, and saw 5 of its levels.
You visited the Abyss 1 time.

You collected 136 gold pieces.

Inventory:

Hand Weapons
 a - a +1 hand axe (weapon)
Armour
 b - a +0 leather armour (worn)
 j - a +0 kite shield (worn)
 k - a +0 pair of gloves
Jewellery
 c - a ring of fire
 q - a ring of flight
Scrolls
 d - 2 scrolls of teleportation {unknown}
 f - 2 scrolls of blinking {unknown}
 g - a scroll of vulnerability {unknown}
 h - a scroll of silence {unknown}
 i - a scroll of enchant weapon {unknown}
 l - 3 scrolls of amnesia {unknown}
 m - 2 scrolls of identify {unknown}
 n - a scroll of noise {unknown}
 o - a scroll of magic mapping {unknown}
 r - a scroll of fear {unknown}
 s - a scroll of poison {unknown}
Potions
 e - 2 potions of brilliance {unknown}
 p - a potion of curing


   Skills:
 - Level 3.0 Fighting
 + Level 5.4 Axes
 - Level 1.7 Armour
 - Level 0.8 Dodging
 - Level 4.0 Shields
 - Level 2.4 Invocations


You had 5 spell levels left.
You didn't know any spells.
Your spell library contained the following spells:

 Spells                   Type           Power      Damage    Failure   Level
 Poisonous Vapours        Pois/Air       0%         N/A       88%         2
 Corpse Rot               Necr/Pois/Air  0%         N/A       100%        4


Dungeon Overview and Level Annotations

Branches:
Dungeon (5/15)
 Temple: D:4-7

Altars:

Annotations:
D:5 3 runed translucent doors, vurker's ghost, novice GrFi


Innate Abilities, Weirdness & Mutations

You are mostly covered in slimy green scales. (AC +3)
You may rarely emit foul miasma when damaged in melee.
You are partially covered in sharp spines.


Message History

You slash the bullfrog!
The bullfrog is heavily wounded.
You block the bullfrog's attack. The bullfrog closely misses you.
You closely miss the bullfrog.
The bullfrog is heavily wounded.
The bullfrog hits you! The bullfrog is struck by your spines.
The bullfrog misses you.
A bullfrog is nearby!
You hit the bullfrog.
You kill the bullfrog!
Lugonu accepts your kill.
Training target 4.0 for Shields reached!
Your Shields skill increases to level 4!
HP restored.
Found a dagger.
You see here a +0 dagger.
You see here 2 boomerangs of dispersal.
Found a stone staircase leading down.
You now have 136 gold pieces (gained 20).
You see here 2 boomerangs of dispersal.
e - 2 glowing silvery potions The ogre shouts!
You hit the ogre.
The ogre is lightly wounded.
The ogre is struck by your spines. The ogre barely misses you.
You hit the ogre.
The ogre is lightly wounded.
The ogre is struck by your spines. The ogre hits you with a +0 giant club!
You emit a cloud of foul miasma!
You hit the ogre.
The ogre is heavily wounded.
The ogre is engulfed in dark miasma.
The ogre is poisoned.
The ogre is struck by your spines. The ogre hits you with a +0 giant club!
You hit the ogre.
The ogre is severely wounded.
The ogre is engulfed in dark miasma.
The ogre looks even sicker.
The ogre seems to slow down.
The ogre is struck by your spines.
The ogre hits you with a +0 giant club!!
Ouch! That really hurt!
You die...

#.....### ##.#...##..##
#....## #.##..###..##
#....# #..#..####..# #....#
##.....####.# #....###
##...#......##
#......#######..#.#####....
#...##..##.....##.########.
#######.##.....##.#....# #.
#..#@O...##...O..###.
##.......####........
###.....# #.....### #.....#
#.>..## #.....# #....#
#.....# #....# #.....#
#....# ####### #....#
######


You could see an ogre (very poisoned, slow).

Vanquished Creatures
  A black bear (D:5)
  An ice beast (D:5)
  A phantom (D:4)
  A bullfrog (D:4)
  A howler monkey (D:5)
  A hound (D:5)
  A jelly (D:5)
  3 adders
  3 gnolls (D:3)
  A white imp (D:5)
  4 bats
  4 endoplasms
  2 goblins (D:1)
  2 hobgoblins
  3 jackals (D:1)
  6 kobolds
  2 quokkas
  2 ball pythons
  2 frilled lizards (D:1)
  2 rats
43 creatures vanquished.

Notes
Turn   | Place    | Note
-------+----------+-------------------------------------------
     0 | Abyss:1  | polve the Demonspawn Abyssal Knight began the quest for the
                  | Orb.
     0 | Abyss:1  | Reached XP level 1. HP: 18/18 MP: 2/2
    35 | D:1      | Escaped the Abyss
   131 | D:1      | Reached skill level 2 in Axes
   132 | D:1      | Reached ** piety under Lugonu
   331 | D:1      | Gained mutation: You are partially covered in slimy green
                  | scales. (AC +2) [demonic ancestry]
   331 | D:1      | Reached XP level 2. HP: 24/24 MP: 3/3
  1174 | D:1      | Reached skill level 3 in Axes
  1524 | D:2      | You fall into a shaft and drop 1 floor!
  1609 | D:3      | Gained mutation: You are partially covered in sharp spines.
                  | [demonic ancestry]
  1609 | D:3      | Reached XP level 3. HP: 18/29 MP: 4/4
  1953 | D:3      | Reached skill level 1 in Shields
  2418 | D:3      | Gained mutation: You may rarely emit foul miasma when
                  | damaged in melee. [demonic ancestry]
  2418 | D:3      | Reached XP level 4. HP: 35/35 MP: 5/5
  2787 | D:4      | Noticed an ogre
  3438 | D:4      | Noticed a phantom
  3454 | D:4      | Killed a phantom
  3455 | D:4      | Reached skill level 4 in Axes
  3455 | D:4      | Gained mutation: You are mostly covered in slimy green
                  | scales. (AC +3) [demonic ancestry]
  3455 | D:4      | Reached XP level 5. HP: 24/41 MP: 6/6
  3656 | D:5      | Entered Level 5 of the Dungeon
  3727 | D:5      | Found a runed translucent gate.
  3727 | D:5      | Found a runed translucent gate.
  3727 | D:5      | Found a runed translucent gate.
  3730 | D:5      | Noticed vurker's ghost (novice GrFi)
  3798 | D:5      | Noticed a black bear
  3807 | D:5      | Killed a black bear
  3941 | D:5      | Reached XP level 6. HP: 29/47 MP: 7/7
  4035 | D:5      | Noticed an ice beast
  4039 | D:5      | Reached skill level 5 in Axes
  4064 | D:5      | Killed an ice beast
  4580 | D:4      | Mangled by an ogre

Illustrated notes

Levels and vault maps discovered:
D:1:      nagdon_arrival_double_spiral, layout_basic
D:2:      layout_basic, hellmonk_ecumenical_altar_pennies_from_heaven
D:3:      layout_basic, minmay_misc_feat_roman, nicolae_kite_square_tiling_tiny,
          hangedman_feature_mirror
D:4:      layout_rooms, small_statue_intersection
D:5:      minmay_chambers_of_fours, layout_cave_pools,
          ebering_ghost_rock_garden, minmay_shop_grid_forest, uniq_blork_the_orc

Skill      XL: |  1  2  3  4  5  6 |
---------------+-------------------+-----
Axes           | 2 3 4 5 |  5.4
Shields        | 1 2 3 4 |  4.0
Fighting       | |  3.0
Armour         | |  1.7
Dodging        | |  0.8
Invocations    | |  2.4

Action                   |  1- 3 |  4- 6 || total
-------------------------+-------+-------++-------
Melee: Hand axe          |    91 |    63 ||   154
Invok: Depart the Abyss  |     1 |       ||     1
  Use: Potion            |       |     2 ||     2
 Stab: Sleeping          |       |     1 ||     1
Armor: Leather armour    |    39 |    20 ||    59
Dodge: Dodged            |    42 |    16 ||    58
Block: Kite shield       |    16 |    18 ||    34

Table legend: (Time is in decaauts)
 A = Elapsed time spent in this place.
 B = Non-inter-level travel time spent in this place.
 C = Inter-level travel time spent in this place.
 D = Time resting spent in this place.
 E = Time spent auto-exploring this place.
 F = Levels seen in this place.
 G = Mean time per level.
                   A        B        C        D        E       F      G
               +--------+--------+--------+--------+--------+-----+--------+
         Total |   4627 |   4464 |    163 |    113 |   3834 |   6 |  771.2 |
       Dungeon |   4589 |   4426 |    163 |    113 |   3798 |   5 |  917.8 |
         Abyss |     38 |     38 |      0 |      0 |     36 |   1 |   38.0 |
               +--------+--------+--------+--------+--------+-----+--------+

Top non-repeatable levels by time:
     D:3: 2068 daAuts
     D:1: 1420 daAuts
     D:4: 546 daAuts
     D:5: 477 daAuts
     D:2: 76 daAuts
 Abyss:1: 38 daAuts
